 Dungeon Crawl Stone Soup version 0.26-a0-854-gdc81c2f471 (webtiles) character file.

Game seed: 18093263717379631957

1070 mhtbhm the Shield-Bearer (level 8, -1/48 HPs)
             Began as a Gargoyle Fighter on Nov 23, 2020.
             Was a Follower of Elyvilon.
             Slain by a shadow imp (2 damage)
             ... summoned by Eustachio
             ... on level 6 of the Dungeon.
             The game lasted 00:06:21 (3798 turns).

mhtbhm the Shield-Bearer (Gargoyle Fighter)         Turns: 3798, Time: 00:06:22

Health: -1/48      AC: 25    Str: 22      XL:     8   Next: 28%
Magic:  8/8        EV:  9    Int:  9      God:    Elyvilon [*.....]
Gold:   278        SH: 10    Dex:  8 (9)  Spells: 7/7 levels left

rFire    . . .     SeeInvis .   a - +0 mace (protect)
rCold    . . .     Faith    .   c - +0 kite shield
rNeg     + . .     Spirit   .   b - +3 scale mail
rPois    ∞         Reflect  .   m - +0 helmet
rElec    +         Harm     .   (no cloak)
rCorr    .         Rampage  .   (no gloves)
MR       .....                  r - +0 pair of boots
Stlth    ..........             n - amulet of the acrobat
HPRegen  0.16/turn              h - ring of wizardry
MPRegen  0.11/turn              (no ring)

@: protection aura, hasted, very quick
A: negative energy resistance 1, electricity resistance, unbreathing,
petrification resistance, rot immunity, AC +5
a: Lesser Healing, Divine Protection, Renounce Religion


You were on level 6 of the Dungeon.
You worshipped Elyvilon.
Elyvilon was aware of your devotion.
You visited 2 branches of the dungeon, and saw 7 of its levels.

You collected 278 gold pieces.

Inventory:

Hand Weapons
 a - a +0 mace of protection (weapon)
Armour
 b - a +3 scale mail (worn)
 c - a +0 kite shield (worn)
 m - a +0 helmet (worn)
 r - a +0 pair of boots (worn)
Jewellery
 h - a ring of wizardry (left hand)
 n - an amulet of the acrobat (around neck)
 x - a cursed ring of attention {unknown}
Scrolls
 e - a scroll of immolation {unknown}
 g - 4 scrolls of identify
 j - 2 scrolls of enchant weapon {unknown}
 l - 3 scrolls of teleportation {unknown}
 o - a scroll of random uselessness {unknown}
 p - 2 scrolls of enchant armour {unknown}
 q - 3 scrolls of fog {unknown}
 s - a scroll of fear {unknown}
 u - a scroll of amnesia {unknown}
 v - a scroll of remove curse {unknown}
 y - a scroll of brand weapon {unknown}
Potions
 i - a potion of brilliance {unknown}
 k - a potion of invisibility {unknown}
 t - 2 potions of flight {unknown}
 w - 2 potions of mutation
 z - a potion of haste
 A - a potion of lignification {unknown}


   Skills:
 + Level 4.7 Fighting
 + Level 6.2 Maces & Flails
 + Level 4.7 Armour
 + Level 2.3 Dodging
 + Level 6.2 Shields


You had 7 spell levels left.
You didn't know any spells.
Your spell library was empty.

Dungeon Overview and Level Annotations

Branches:
Dungeon (7/15)             Temple (1/1) D:5

Altars:
Ashenzari
Cheibriados
Dithmenos
Elyvilon
Fedhas
Gozag
Hepliaklqana
Kikubaaqudgha
Makhleb
Nemelex Xobeh
Qazlal
Trog
Uskayaw
Vehumet
Wu Jian
Xom
Yredelemnul

Shops:
D:5 =   D:7 !

Annotations:
D:6 Eustachio, Sigmund


Innate Abilities, Weirdness & Mutations

You are resistant to torment.
Your stone body is resilient. (AC +5)
You are immune to poison.
You resist negative energy. (rN+)
You are resistant to electric shocks. (rElec)
You can survive without breathing.
You are immune to petrification.
You are immune to rotting.


Message History

It is a scroll of identify.
w - 2 potions of mutation The bat hits you but does no damage.
You hear some strange, mumbled words.
Something tries to affect you, but you resist.
The white imp hits you but does no damage.
The rat bites you but does no damage. You block Eustachio's attack.
The shadow imp gestures at you. Pain shoots through your body!
* * * LOW HITPOINT WARNING * * *
Unknown command.
It was a potion of haste.
You feel yourself speed up. You block the bat's attack.
You hear some strange, mumbled words.
A puff of flame appears from out of thin air!
The puff of flame hits you!
* * * LOW HITPOINT WARNING * * *
The white imp barely misses you. You block the rat's attack.
The shadow imp hits you.
You die...

#............#
####............#
.......##..#######
.............#
............(#
.............#
.............#
.......5b{...#
......5@@..†)#
........5r..>#
####.
........r....#
.....
##############
####.


You could see Eustachio, a crimson imp (summoned), a white imp (summoned), a
shadow imp (summoned), a quokka (summoned), a bat (summoned) and a rat
(summoned).

Vanquished Creatures
  2 phantoms
  2 centaurs (D:6)
  A bullfrog (D:6)
  A scorpion (D:6)
  A howler monkey (D:5)
  A quasit (D:6)
  A bullfrog zombie (D:5)
  3 orc wizards
  4 orc priests (D:5)
  A hound (D:6)
  2 bullfrog skeletons
  Jessica (D:3)
  An iguana (D:5)
  2 worker ants
  3 worker ant zombies
  An adder (D:3)
  A shadow imp (D:3)
  2 white imps
  An ufetubus (D:5)
  3 leopard geckos
  7 orcs
  3 bats
  4 giant cockroaches
  4 goblins
  2 hobgoblins
  5 jackals
  7 kobolds
  3 quokkas
  2 ball pythons
  3 frilled lizards
  2 rats
76 creatures vanquished.

Notes
Turn   | Place    | Note
-------+----------+-------------------------------------------
     0 | D:1      | mhtbhm the Gargoyle Fighter began the quest for the Orb.
     0 | D:1      | Reached XP level 1. HP: 14/14 MP: 1/1
   244 | D:1      | Reached XP level 2. HP: 17/19 MP: 2/2
   905 | D:2      | Reached XP level 3. HP: 23/23 MP: 3/3
  1026 | D:2      | Found a hide-covered altar of Uskayaw.
  1550 | D:3      | Noticed Jessica
  1554 | D:3      | Killed Jessica
  1555 | D:3      | Reached XP level 4. HP: 28/28 MP: 4/4
  1627 | D:3      | You fall into a shaft and drop 3 floors!
  1627 | D:6      | Noticed a bullfrog
  1627 | D:6      | Noticed a phantom
  1635 | D:6      | Killed a bullfrog
  1636 | D:6      | Reached XP level 5. HP: 29/33 MP: 5/5
  1663 | D:6      | Killed a phantom
  1664 | D:6      | Reached skill level 1 in Dodging
  1664 | D:6      | Reached XP level 6. HP: 28/38 MP: 6/6
  1752 | D:6      | Noticed Eustachio
  1752 | D:6      | Noticed Sigmund
  1894 | D:6      | Reached skill level 5 in Shields
  2209 | D:5      | Entered Level 5 of the Dungeon
  2251 | D:6      | Reached skill level 5 in Maces & Flails
  2251 | D:6      | Reached XP level 7. HP: 40/43 MP: 7/7
  2436 | D:5      | Found a staircase to the Ecumenical Temple.
  2463 | Temple   | Entered the Ecumenical Temple
  2834 | Temple   | Became a worshipper of Elyvilon the Healer
  2896 | D:5      | Found Ryr Sifu's Jewellery Shoppe.
  3474 | D:5      | Reached XP level 8. HP: 42/48 MP: 8/8
  3533 | D:5      | You fall into a shaft and drop 2 floors!
  3534 | D:7      | Found Hanedic's Distillery.
  3604 | D:7      | Reached * piety under Elyvilon
  3798 | D:6      | HP: 1/48 [something/puff of flame (11)]
  3798 | D:6      | Slain by a shadow imp

Illustrated notes

Levels and vault maps discovered:
D:1:      minmay_arrival_semitransparent, layout_rooms,
          minmay_large_rounded_square
D:2:      layout_loops_corners, nicolae_overflow_crystal_walls
D:3:      layout_rooms, marbit_many_paths, ebering_ghost_reflecting_pool,
          uniq_jessica
D:5:      layout_basic, nicolae_tso_besieged_by_evil, minmay_temple_entry_grid,
          serial_shops, kennysheep_mini
D:6:      layout_basic, bh_walls_and_bars, uniq_sigmund, uniq_eustachio
D:7:      layout_basic, serial_shops, shop_coins
Temple:   regret_index_temple_sphere_string

Skill      XL: |  1  2  3  4  5  6  7  8 |
---------------+-------------------------+-----
Maces & Flails | 3 4 5 6 |  6.2
Shields        | 4 5 6 |  6.2
Fighting       | 4 |  4.7
Dodging        | 1 2 |  2.3
Armour         | 4 |  4.7

Action                   |  1- 3 |  4- 6 |  7- 9 || total
-------------------------+-------+-------+-------++-------
Melee: Flail             |   136 |    71 |       ||   207
       Mace              |       |    28 |   201 ||   229
  Use: Potion            |       |       |     6 ||     6
       Scroll            |       |       |     1 ||     1
Armor: Scale mail        |    77 |    49 |   189 ||   315
Dodge: Dodged            |    49 |    44 |   105 ||   198
Block: Kite shield       |    63 |    52 |   147 ||   262

Table legend: (Time is in decaauts)
 A = Elapsed time spent in this place.
 B = Non-inter-level travel time spent in this place.
 C = Inter-level travel time spent in this place.
 D = Time resting spent in this place.
 E = Time spent auto-exploring this place.
 F = Levels seen in this place.
 G = Mean time per level.
                   A        B        C        D        E       F      G
               +--------+--------+--------+--------+--------+-----+--------+
         Total |   3919 |   3878 |     41 |    538 |   2004 |   7 |  559.9 |
       Dungeon |   3523 |   3482 |     41 |    538 |   1862 |   6 |  587.2 |
        Temple |    395 |    395 |      0 |      0 |    142 |   1 |  395.0 |
               +--------+--------+--------+--------+--------+-----+--------+

Top non-repeatable levels by time:
     D:5: 933 daAuts
     D:2: 801 daAuts
     D:6: 714 daAuts
     D:1: 626 daAuts
  Temple: 395 daAuts
     D:3: 248 daAuts
     D:7: 199 daAuts
